 Dungeon Crawl Stone Soup version 0.21-a0-531-gacddea6 (webtiles) character file.

2283 Gildeon the Cleaver (level 9, -10/56 HPs)
             Began as a Minotaur Fighter on Dec 13, 2017.
             Was an Initiate of Sif Muna.
             Mangled by a two-headed ogre
             ... wielding a +0 giant club
              (22 damage)
             ... on level 8 of the Dungeon.
             The game lasted 00:33:00 (6286 turns).

Gildeon the Cleaver (Minotaur Fighter)              Turns: 6286, Time: 00:33:01

Health: -10/56     AC: 11    Str: 23    XL:     9   Next: 16%
Magic:  8/8        EV:  6    Int:  7    God:    Sif Muna [......]
Gold:   487        SH: 13    Dex: 11    Spells: 8/8 levels left

rFire    . . .     SeeInvis .   a - +0 war axe (elec)
rCold    . . .     Gourm    .   c - +0 shield
rNeg     . . .     Faith    .   p - +0 chain mail
rPois    .         Spirit   .   (helmet unavailable)
rElec    .         Reflect  .   (no cloak)
rCorr    .         Harm     .   (no gloves)
MR       .....                  r - +0 pair of boots
Stlth    ..........             q - amulet of regeneration
HPRegen  0.58/turn              k - +1 ring of evasion
MPRegen  0.11/turn              (no ring)

@: no status effects
A: retaliatory headbutt, hooves 1, horns 3, large bone plates 1, frail 2, shaggy
fur 1, strong 1
a: Renounce Religion


You were on level 8 of the Dungeon.
You worshipped Sif Muna.
Sif Muna was noncommittal.
You were full.

You visited 2 branches of the dungeon, and saw 9 of its levels.

You collected 487 gold pieces.

Inventory:

Hand Weapons
 a - a +0 war axe of electrocution (weapon)
 b - a +0 spear of piercing
Armour
 c - a +0 shield (worn)
 p - a +0 chain mail (worn)
 r - a +0 pair of boots (worn)
Jewellery
 k - a +1 ring of evasion (left hand)
 q - an amulet of regeneration (around neck)
Wands
 t - a wand of digging (22)
Scrolls
 i - 2 scrolls of blinking
 m - 2 scrolls of identify
 o - a scroll of fog
 u - a scroll of teleportation
Potions
 e - a potion of agility
 g - 3 potions of curing
Comestibles
 f - a bread ration
 h - 2 meat rations
 j - 3 royal jellies
 l - 4 fruits


   Skills:
 - Level 3.6 Fighting
 + Level 14.1 Axes
 - Level 3.6 Armour
 - Level 3.6 Shields


You had 8 spell levels left.
You didn't know any spells.

Dungeon Overview and Level Annotations

Branches:
Dungeon (8/15)             Temple (1/1) D:7
   Lair: D:8-11

Altars:
Ashenzari
Cheibriados
Dithmenos
Elyvilon
Fedhas
Gozag
Hepliaklqana
Kikubaaqudgha
Makhleb
Okawaru
Qazlal
Ru
Sif Muna
Trog
Uskayaw
Vehumet
Wu Jian
Xom
Yredelemnul
Zin
The Shining One

Shops:
D:7 }   D:8 !


Innate Abilities, Weirdness & Mutations

You reflexively headbutt those who attack you in melee.
You have a pair of large horns on your head.
You have large cloven feet.
You are partially covered in large bone plates. (SH +4)
You are very frail. (-20% HP)
You are covered in fur. (AC +1)
Your muscles are strong. (Str +2)


Message History

You hit the two-headed ogre.
The two-headed ogre is heavily wounded.
You block the orc's attack.
You feel better. You block the two-headed ogre's attack.
The two-headed ogre hits you with a giant spiked club!!
* * * LOW HITPOINT WARNING * * *
An orc wizard comes into view. It is wielding a dagger.
The orc wizard shouts!
The orc hits you but does no damage. You block the two-headed ogre's attack.
The two-headed ogre hits you with a giant spiked club!
* * * LOW HITPOINT WARNING * * *
You feel better. You block the orc's attack.
You block the two-headed ogre's attack. The two-headed ogre closely misses you.
You slash the two-headed ogre! You headbutt the two-headed ogre!
The two-headed ogre is almost dead.
The orc hits you from afar with a trident.
* * * LOW HITPOINT WARNING * * *
You feel better.
The two-headed ogre hits you with a giant club!!
You die...

### (.. .O#
#+#(. ∩'..
..#+#..
......o### #
#....oO.#.#
#######@#.####
#..........#
#.#..#.###..
#.#o##.# #.#.#
# # ##.#(# #
#.#.#..).##.#
....<.......#
###.#..<.####


You could see a two-headed ogre, an orc wizard and 2 orcs.

Vanquished Creatures
  A gargoyle (D:8)
  Duvessa (D:6)
  3 sky beasts
  An ice beast (D:5)
  A phantom (D:6)
  5 bullfrogs
  2 scorpions
  Dowan (D:6)
  5 wights (D:7)
  4 crimson imps
  A bullfrog zombie (D:7)
  A centaur skeleton (D:5)
  4 orc priests
  A hound (D:3)
  An orc wizard (D:7)
  An iguana (D:7)
  3 worker ants
  2 hound zombies
  2 hound skeletons (D:4)
  Robin (D:4)
  2 gnolls (D:1)
  6 adders
  A shadow imp (D:6)
  An adder zombie (D:6)
  An adder skeleton (D:4)
  2 worms (D:2)
  A dart slug (D:1)
  7 leopard geckos
  23 orcs
  A bat (D:2)
  6 giant cockroaches
  14 goblins
  12 hobgoblins
  4 quokkas
  4 frilled lizards
  7 kobolds
  A leopard gecko skeleton (D:4)
  A quokka zombie (D:5)
  6 rats (D:1)
141 creatures vanquished.

Notes
Turn   | Place    | Note
-------+----------+-------------------------------------------
     0 | D:1      | Gildeon the Minotaur Fighter began the quest for the Orb.
     0 | D:1      | Reached XP level 1. HP: 19/19 MP: 0/0
   131 | D:1      | Reached skill level 3 in Axes
   247 | D:1      | Reached XP level 2. HP: 26/26 MP: 1/1
   392 | D:1      | Reached skill level 4 in Axes
   450 | D:1      | Reached XP level 3. HP: 10/31 MP: 2/2
  1183 | D:2      | Reached skill level 5 in Axes
  1516 | D:2      | Reached XP level 4. HP: 38/39 MP: 3/3
  1538 | D:2      | Found a shattered altar of Ashenzari.
  1874 | D:3      | Found a shadowy altar of Dithmenos.
  1931 | D:3      | Reached skill level 6 in Axes
  2128 | D:3      | Found a basalt altar of Yredelemnul.
  2281 | D:3      | Reached XP level 5. HP: 45/45 MP: 4/4
  2821 | D:4      | Gained mutation: You are frail. (-10% HP) [potion of mutation]
  2821 | D:4      | Gained mutation: You are partially covered in large bone plates. (SH +4) [potion of mutation]
  2821 | D:4      | Gained mutation: Your spells are a little harder to cast, but a little more powerful. [potion of mutation]
  2821 | D:4      | Gained mutation: You have large cloven feet. [potion of mutation]
  2982 | D:4      | Reached skill level 7 in Axes
  3041 | D:4      | Noticed Robin
  3066 | D:4      | Killed Robin
  3215 | D:4      | Reached XP level 6. HP: 45/45 MP: 5/5
  3588 | D:5      | Entered Level 5 of the Dungeon
  3667 | D:5      | Reached skill level 8 in Axes
  3794 | D:5      | Found a snail-covered altar of Cheibriados.
  3903 | D:5      | Noticed an ice beast
  3908 | D:5      | Killed an ice beast
  3999 | D:5      | Noticed a sky beast
  4004 | D:5      | Killed a sky beast
  4004 | D:5      | Reached skill level 9 in Axes
  4004 | D:5      | Reached XP level 7. HP: 51/51 MP: 6/6
  4014 | D:5      | Gained mutation: You do not regenerate when monsters are visible. [mutagenic meat]
  4016 | D:5      | Gained mutation: You are very frail. (-20% HP) [mutagenic meat]
  4017 | D:5      | Gained mutation: Your muscles are strong. (Str +2) [mutagenic meat]
  4018 | D:5      | Gained mutation: You have hoof-like feet. [mutagenic meat]
  4032 | D:5      | Found an iron altar of Okawaru.
  4277 | D:6      | Found a hazy altar of Hepliaklqana.
  4492 | D:6      | Reached skill level 10 in Axes
  4554 | D:6      | Gained mutation: You are covered in fur. (AC +1) [mutagenic meat]
  4556 | D:6      | Gained mutation: Your body sometimes deteriorates upon taking damage. [mutagenic meat]
  4557 | D:6      | Gained mutation: Armour fits poorly on your strangely shaped body. [mutagenic meat]
  4558 | D:6      | Lost mutation: You do not regenerate when monsters are visible. [mutagenic meat]
  4710 | D:6      | Reached skill level 11 in Axes
  4765 | D:6      | Reached XP level 8. HP: 51/51 MP: 7/7
  4901 | D:6      | Found an iron altar of Okawaru.
  5013 | D:6      | Noticed Duvessa
  5013 | D:6      | Noticed Dowan
  5026 | D:6      | Killed Dowan
  5032 | D:6      | Killed Duvessa
  5032 | D:6      | Reached skill level 12 in Axes
  5383 | D:6      | Lost mutation: Your body sometimes deteriorates upon taking damage. [potion of mutation]
  5383 | D:6      | Lost mutation: Armour fits poorly on your strangely shaped body. [potion of mutation]
  5383 | D:6      | Lost mutation: Your spells are a little harder to cast, but a little more powerful. [potion of mutation]
  5383 | D:6      | Lost mutation: You have hoof-like feet. [potion of mutation]
  5383 | D:6      | Gained mutation: You have a pair of large horns on your head. [potion of mutation]
  5514 | D:7      | Found Qifeagg's Gadget Shoppe.
  5528 | D:7      | Reached skill level 13 in Axes
  5677 | D:7      | Found a staircase to the Ecumenical Temple.
  5685 | Temple   | Entered the Ecumenical Temple
  5745 | Temple   | Became a worshipper of Sif Muna the Loreminder
  6133 | D:7      | Reached XP level 9. HP: 56/56 MP: 8/8
  6184 | D:8      | Noticed a gargoyle
  6195 | D:8      | Killed a gargoyle
  6195 | D:8      | Reached skill level 14 in Axes
  6268 | D:8      | Noticed a two-headed ogre
  6272 | D:8      | Found Itetik's Distillery.
  6286 | D:8      | Mangled by a two-headed ogre

Vault maps used:
D:1:      dpeg_arrival_radiant, minmay_misc_feat_doors
D:2:      lemuel_crystal_altar, minmay_misc_feat_encased
D:3:      old_standard_altar, overflow_temple_1_default, first_bread
D:4:      uniq_robin
D:5:      kennysheep_mini, lemuel_doored_altar
D:6:      nicolae_overflow_crystal_walls, okawaru_trees_2, uniq_duvessa
D:7:      minmay_temple_entry_hall, serial_shops, nicolae_shop_stone,
          uniq_crazy_yiuf_cottage
D:8:      kennysheep_big_flooded_room, nemelex_xobeh_ov_fountains_minmay,
          serial_shops, kennysheep_mini_moat
Temple:   eino_wide_crystal_templ

Skill      XL: |  1  2  3  4  5  6  7  8  9 |
---------------+----------------------------+-----
Axes           | 3 4 5 6 7 9 11 13 14 | 14.1
Fighting       | |  3.6
Armour         | |  3.6
Shields        | |  3.6

Action                   |  1- 3 |  4- 6 |  7- 9 || total
-------------------------+-------+-------+-------++-------
Melee: War axe           |    72 |    83 |   199 ||   354
       Headbutt          |    10 |     7 |    21 ||    38
       Kick              |       |     6 |       ||     6
Throw: Tomahawk          |    10 |    23 |    60 ||    93
Evoke: Wand              |       |    40 |     7 ||    47
  Use: Scroll            |     6 |     7 |     6 ||    19
       Potion            |       |     1 |     7 ||     8
  Eat: Chunk             |     2 |     3 |    23 ||    28
       Bread ration      |       |     1 |     1 ||     2
Armor: Scale mail        |    23 |    38 |    29 ||    90
       Chain mail        |       |       |    35 ||    35
Dodge: Dodged            |    24 |     9 |    31 ||    64
Block: Shield            |    31 |    39 |   123 ||   193

Table legend:
 A = Spawn XP
 B = Non-spawn XP
 C = Spawn XP percentage of total XP
 D = Spawn monster count
 E = Non-spawn monster count
 F = Spawn count percentage of total count
 G = Total turns spent on level
                    A         B        C        D         E        F      G
               +---------+---------+-------+---------+---------+-------+---------
         Total |       0 |    3262 |   0.0 |       0 |     141 |   0.0 |  6286
               +---------+---------+-------+---------+---------+-------+---------
           D:1 |       0 |      71 |   0.0 |       0 |      25 |   0.0 |  1115
           D:2 |       0 |      58 |   0.0 |       0 |      15 |   0.0 |   758
           D:3 |       0 |      70 |   0.0 |       0 |      11 |   0.0 |   857
           D:4 |       0 |     218 |   0.0 |       0 |      26 |   0.0 |   858
           D:5 |       0 |     401 |   0.0 |       0 |      12 |   0.0 |   675
           D:6 |       0 |    1279 |   0.0 |       0 |      29 |   0.0 |  1236
           D:7 |       0 |     738 |   0.0 |       0 |      18 |   0.0 |   613
           D:8 |       0 |     427 |   0.0 |       0 |       5 |   0.0 |   104
               +---------+---------+-------+---------+---------+-------+---------
